 Dungeon Crawl Stone Soup version 0.31.0-11-ge490571c62 (webtiles) character file.

Game seed: 4097619019874527532

141663 qw the Acrobat (level 16, 0/84 HPs)
             Began as a Spriggan Hunter on Feb 4, 2024.
             Was a High Priest of Okawaru.
             Killed by angry trees
             ... awakened by a spriggan druid
              (15 damage)
             ... on level 2 of the Swamp.
             The game lasted 00:10:20 (19402 turns).

qw the Acrobat (Spriggan Hunter)                   Turns: 19402, Time: 00:10:20

Health: 0/84       AC:  9    Str:  7    XL:     16   Next: 32%
Magic:  20/24      EV: 48    Int: 18    God:    Okawaru [*****.]
Gold:   444        SH:  5    Dex: 27    Spells: 15/15 levels left

rFire   + + +        b - +1 hand cannon (drain)
rCold   . . .        (no shield)
rNeg    . . .        j - +3 troll leather armour {Snorg}
rPois   +            (helmet restricted)
rElec   +            p - +2 cloak
rCorr   .            (gloves unavailable)
SInv    +            (boots unavailable)
Will    ++...        f - amulet of Idghomown {Reflect rF+++ Regen+ SH+5 Stlth-}
Stlth   +            g - ring "Egriluac" {rElec rPois Int+6 Dex+2 SInv}
HPRegen 1.94/turn    y - +5 ring of evasion
MPRegen 0.19/turn

%: reflection
@: finesse-ful, slow
A: very small, no large weapons, unfitting armour, see invisible, speed 3
a: Renounce Religion, Heroism, Finesse, Duel


You were on level 2 of the Swamp.
You worshipped Okawaru.
Okawaru was extremely pleased with you.
You visited 5 branches of the dungeon, and saw 25 of its levels.
You also visited: Gauntlet.

You collected 2429 gold pieces.
You spent 1985 gold pieces at shops.


Innate Abilities, Weirdness & Mutations

You are very small and have problems with some larger weapons.
You are too small for most types of armour.
You have supernaturally acute eyesight. (SInv)
You cover ground extremely quickly. (Speed+++)


   Skills:
 - Level 9.5 Fighting
 + Level 18.8 Ranged Weapons
 - Level 2.0 Armour
 - Level 23.0 Dodging
 - Level 1.5 Stealth
 - Level 10.0 Invocations


You had 15 spell levels left.
You didn't know any spells.
Your spell library was empty.

Inventory:

Hand Weapons
 b - a +1 hand cannon of draining (weapon)
Armour
 j - a +3 troll leather armour (worn) {Snorg}
 p - a +2 cloak (worn)
 u - a +0 cloak of poison resistance
Jewellery
 f - the amulet of Idghomown (around neck) {Reflect rF+++ Regen+ SH+5 Stlth-}
   (You found it on level 6 of the Dungeon)

   [amulet of reflection]

   Reflect:   It reflects blocked missile attacks.
   rF+++:     It renders you almost immune to fire.
   Regen+:    It increases your rate of health regeneration.
   SH+5:      It affects your SH (+5).
   Stlth-:    It makes you less stealthy.
 g - the ring "Egriluac" (left hand) {rElec rPois Int+6 Dex+2 SInv}
   (You found it on level 6 of the Dungeon)

   [ring of intelligence]

   Int+6:     It affects your intelligence (+6).
   Dex+2:     It affects your dexterity (+2).
   rElec:     It insulates you from electricity.
   rPois:     It protects you from poison SInv: It lets you see invisible.
 w - the ring of Darkness {rPois rC+ rCorr}
   (You bought it in a shop on level 2 of the Orcish Mines)

   [ring of protection from cold]

   rC+:       It protects you from cold.
   rPois:     It protects you from poison rCorr: It protects you from acid and
   corrosion.
 y - a +5 ring of evasion (right hand)
 A - a ring of fire
 Y - a +4 ring of protection
Wands
 a - a wand of paralysis (6)
 c - a wand of polymorph (4)
 d - a wand of iceblast (22)
 q - a wand of digging (6)
 s - a wand of light (25)
 t - a wand of mindburst (21)
Scrolls
 r - 8 scrolls of identify
 z - 4 scrolls of enchant armour
Potions
 e - 4 potions of might
 h - 5 potions of enlightenment
 i - a potion of resistance
 k - 6 potions of magic
 m - 11 potions of curing
 o - 4 potions of haste
 x - 3 potions of mutation

Dungeon Overview and Level Annotations

Branches:
Dungeon (15/15)            Temple (1/1) D:6            Lair (5/5) D:8
  Swamp (2/4) Lair:3       Spider (0/4) Lair:3        Slime (0/5) Lair:5
    Orc (2/2) D:11            Elf (0/3) Orc:2        Vaults (0/5) D:14
 Depths (0/4) D:15        Gauntlet (visited)

Altars:
Ashenzari
Cheibriados
Dithmenos
Elyvilon
Fedhas
Gozag
Hepliaklqana
Kikubaaqudgha
Makhleb
Nemelex Xobeh
Okawaru
Qazlal
Ru
Sif Muna
Trog
Uskayaw
Vehumet
Wu Jian
Xom
Yredelemnul
Zin
The Shining One
Jiyva
Lugonu

Shops:
D:12 :   Orc:2 =*=:

Portals:
Abyss: Lair:5

Annotations:
D:6 7 runed translucent doors, qw's ghost, novice SpHu
D:7 2 runed translucent doors, Crazy Yiuf; qw's ghost, novice DEHu
D:10 1 runed translucent door, qw's ghost, journeyman SpHu
Lair:3 2 transporters, qw's ghost, journeyman DgHu
Lair:4 2 transporters
Lair:5 1 runed translucent door


Message History

You shoot a bolt. The bolt closely misses the bog body.
A ghost crab comes into view.
The spriggan rider completely misses you.
The bog body misses you.
You shoot a bolt. The bolt hits the bog body!
The bog body is almost destroyed.
The bog body closely misses you.
The ghost crab breathes spectral mist at you.
The spectral mist engulfs the spriggan rider.
You shoot a bolt. The bolt hits the bog body!
You destroy the bog body!
Okawaru accepts your kill.
You are engulfed in spectral mist.
The spriggan druid is engulfed in spectral mist.
The spriggan rider is engulfed in spectral mist.
The spriggan rider completely misses you.
The tyrant leech misses you.
The spriggan is engulfed in spectral mist.
The bog body completely misses you.
You shoot a bolt. The bolt hits the spriggan druid!
You drain the spriggan druid.
The spriggan druid is heavily wounded.
You are engulfed in spectral mist.
The spriggan druid is engulfed in spectral mist.
The spriggan druid mumbles some strange words.
The forest starts to sway and rumble!
The spriggan is engulfed in spectral mist.
The spriggan dies!
You shoot a bolt. The bolt misses the spriggan druid.
You are engulfed in spectral mist.
The spectral anaconda closely misses you.
The spectral anaconda completely misses you.
The spriggan rider is engulfed in spectral mist.
You block the spriggan rider's attack. The bog body completely misses you.
The tyrant leech completely misses you.
You shoot a bolt. The bolt hits the spriggan druid!
You drain the spriggan druid.
The spriggan druid is almost dead.
You are engulfed in spectral mist.
You are hit by a branch!
You die...

~.~~ ~~~~ ~~~w.
~~~.. 7777~.~~~~
~ 77Z@7...~~~
~~.~7iniwn~..~7
~~.~¤¤t¤Z.¤~..77
~~.~.~0~¤~~...7
~~~.|.~¤~%.~.¤~~
~~~...~~~~.7~~~~
..¤~¤.~~~.77.~~~
77.~~..~.~7 .~~
77..77~~77 ~


You could see a tyrant leech, a spriggan rider, a ghost crab, a spriggan druid
(drained), a spectral anaconda (summoned), a spectral spriggan air mage
(summoned), a bog body and a bloated husk.

Vanquished Creatures
  Louise (D:15)
  An orc warlord (Orc:1)
  A quicksilver ooze (Gauntlet)
  A minotaur (Gauntlet)
  Snorg (Orc:1)
  A fire dragon (D:13)
  Josephine (Orc:1)
  An entropy weaver (shapeshifter) (D:10)
  2 quicksilver dragon zombies (D:15)
  An entropy weaver (D:14)
  2 ogre magi
  A peacekeeper (D:14)
  3 catoblepae
  2 alligators (Swamp:1)
  11 hydras
  7 centaur warriors
  7 boulder beetles
  8 two-headed ogres
  A tengu warrior (D:15)
  Urug (Orc:1)
  3 thrashing horrors (Lair:5)
  A deep elf knight (D:13)
  Sonja (Orc:2)
  2 skysharks (Lair:5)
  7 skeletal warriors
  A fire crab (shapeshifter) (D:13)
  2 goliath frogs (Swamp:1)
  2 spriggan druids (Swamp:1)
  A flayed ghost (D:15)
  A storm dragon skeleton (D:15)
  A swamp dragon (Swamp:1)
  An obsidian statue (Gauntlet)
  2 bog bodies
  Pikel (D:5)
  7 deep elf pyromancers
  2 orc knights (Orc:2)
  A necromancer (D:15)
  An oklob plant (Lair:5)
  4 manticores
  3 will-o-the-wisps
  8 ugly things
  2 large abominations (Lair:5)
  10 cyclopes
  18 elephants
  3 kobold blastminers
  2 smoke demons (Lair:5)
  4 black mambas
  A gargoyle (D:12)
  10 cane toads
  4 unseen horrors
  2 yaktaurs (D:13)
  8 komodo dragons
  6 rime drakes
  A freezing wraith (D:14)
  2 tengu conjurers
  A kobold demonologist (D:7)
  2 efreet
  A troll (shapeshifter) (D:14)
  4 polar bears (Lair:4)
  6 trolls
  5 hornets
  A tyrant leech (Swamp:1)
  A tarantella (shapeshifter) (Lair:5)
  2 raiju (Lair:5)
  A raiju (shapeshifter) (D:14)
  4 dream sheep
  17 blink frogs
  6 spriggans
  A centaur simulacrum (D:15)
  A jumping spider (Lair:3)
  A vampire (D:13)
  19 slime creatures
  5 wyverns
  A ynoxinul (Lair:5)
  4 wraiths
  2 yaks (shapeshifter)
  47 yaks
  A steam dragon (D:8)
  10 basilisks
  A redback (Lair:3)
  11 vampire mosquitoes
  Grum (Lair:1)
  9 small abominations (Lair:5)
  4 chaos spawn (Lair:5)
  6 swamp worms
  An acid dragon (shapeshifter) (Lair:5)
  2 acid dragons
  41 orc warriors
  29 water moccasins
  An elephant zombie (D:8)
  2 ice beasts (D:6)
  A black bear (D:5)
  3 laughing skulls
  3 sky beasts (D:6)
  9 ogres
  A boggart (D:13)
  21 wolves
  10 centaurs
  2 lemures (D:6)
  2 phantoms
  An elf zombie (D:8)
  7 kobold brigands
  7 bullfrogs
  3 scorpions
  6 wights
  3 killer bees (D:8)
  An electric eel (Lair:2)
  3 howler monkeys
  A centaur zombie (D:8)
  3 hounds
  A human zombie (D:8)
  14 orc priests
  2 sleepcaps (D:6)
  Natasha (D:3)
  2 iguanas (D:4)
  Jessica (D:3)
  23 orc wizards
  A scorpion zombie (D:8)
  5 hell rats (Lair:3)
  An ogre zombie (D:8)
  3 hound zombies (D:8)
  2 howler monkey zombies (D:8)
  4 gnolls
  5 adders
  A shadow imp (D:6)
  A white imp (D:7)
  An ufetubus (D:6)
  3 adder zombies (D:8)
  A ribbon worm (D:4)
  69 orcs
  11 endoplasms
  3 giant cockroaches
  11 goblins
  3 hobgoblins
  3 jackals (D:1)
  3 quokkas
  6 ball pythons
  7 bats
  6 frilled lizards
  36 kobolds
  4 rats
751 creatures vanquished.

Vanquished Creatures (others)
  A hornet (shapeshifter) (D:15)
  A spriggan (Swamp:2)
  A kobold brigand (D:9)
  A bombardier beetle (D:7)
  A killer bee zombie (D:8)
  19 foxfires (Swamp:1)
24 creatures vanquished.

Grand Total: 775 creatures vanquished

Notes
Turn   | Place    | Note
-------+----------+-------------------------------------------
     0 | D:1      | qw the Spriggan Hunter began the quest for the Orb.
     0 | D:1      | Reached XP level 1. HP: 10/10 MP: 2/2
     0 | D:1      | 0 ||| qw: Version: 0.3-a-160-g6735b56
     0 | D:1      | 0 ||| qw: Game counter: 5840
     0 | D:1      | 0 ||| qw: Melee chars always use a shield: true
     0 | D:1      | 0 ||| qw: God list: Okawaru
     0 | D:1      | 0 ||| qw: Allow faded altars: false
     0 | D:1      | 0 ||| qw: Do Orc after clearing Dungeon:15 true
     0 | D:1      | 0 ||| qw: Do second Lair branch before Depths: true
     0 | D:1      | 0 ||| qw: Lair rune preference: random
     0 | D:1      | 0 ||| qw: Goals: Normal
     0 | D:1      | 0 ||| PLANNING D:1-11
    20 | D:1      | Reached skill level 3 in Dodging
    20 | D:1      | Reached XP level 2. HP: 9/14 MP: 3/3
    53 | D:1      | Reached skill level 4 in Dodging
   161 | D:1      | Found a faded altar of an unknown god.
   218 | D:1      | Reached XP level 3. HP: 17/18 MP: 4/4
   479 | D:1      | 479 ||| READING scroll labelled WOYDAG FAPP.
   480 | D:1      | 480 ||| READING scroll labelled NIZAONTALAL.
   480 | D:1      | 480 ||| IDENTIFYING brown potion
   481 | D:1      | 481 ||| READING scroll labelled NUEMADWEYRGH.
   482 | D:1      | 482 ||| DRINKING 2 clear potions.
   483 | D:1      | 483 ||| DROPPING scroll of butterflies.
   780 | D:2      | Reached XP level 4. HP: 22/22 MP: 5/5
  1145 | D:2      | 1145 ||| UPGRADING to +4 ring of protection.
  1146 | D:2      | 1146 ||| READING scroll of identify.
  1146 | D:2      | 1146 ||| IDENTIFYING lumpy grey potion
  1147 | D:2      | 1147 ||| READING scroll labelled TEWUOGH WUIPAFIU.
  1190 | D:2      | 1190 ||| READING scroll labelled ICSIUJ DYIRR.
  1190 | D:2      | Identified a scroll of acquirement
  1190 | D:2      | 1190 ||| ACQUIRING +3 orcbow of flaming
  1190 | D:2      | Acquired a +3 orcbow of flaming
  1192 | D:2      | 1192 ||| SWAPPING to +3 orcbow of flaming.
  1193 | D:2      | 1193 ||| DROPPING +0 shortbow.
  1194 | D:2      | 1194 ||| READING scroll labelled XUOSSY CAUSCHAANANT.
  1295 | D:2      | 1295 ||| READING scroll labelled ITILEH IRUERO.
  1296 | D:2      | 1296 ||| DRINKING 2 puce potions.
  1297 | D:2      | 1297 ||| DROPPING potion of degeneration.
  1350 | D:3      | Reached skill level 5 in Dodging
  1351 | D:3      | 1351 ||| STAIRDANCE
  1376 | D:3      | 1376 ||| STAIRDANCE
  1378 | D:2      | 1378 ||| DRINKING potion of curing.
  1378 | D:2      | 1378 ||| (to cure confusion)
  1385 | D:3      | Reached XP level 5. HP: 26/26 MP: 6/6
  1387 | D:3      | 1387 ||| STAIRDANCE
  1480 | D:3      | Found a faded altar of an unknown god.
  1652 | D:3      | Noticed Jessica
  1655 | D:3      | 1655 ||| DRINKING potion of haste.
  1656 | D:3      | Killed Jessica
  1657 | D:3      | Reached skill level 6 in Ranged Weapons
  1729 | D:3      | Noticed Natasha
  1730 | D:3      | Killed Natasha
  1731 | D:3      | Reached XP level 6. HP: 30/30 MP: 7/7
  1888 | D:3      | Found a glowing silver altar of Zin.
  1925 | D:3      | 1925 ||| READING 2 scrolls labelled GYIGRAAPYE.
  1926 | D:3      | 1926 ||| DROPPING scroll of fog.
  2048 | D:4      | 2048 ||| RETREEEEATING.
  2057 | D:4      | Reached skill level 6 in Dodging
  2242 | D:4      | 2242 ||| READING scroll of identify.
  2242 | D:4      | 2242 ||| IDENTIFYING black potion
  2243 | D:4      | 2243 ||| READING scroll labelled CIPHOV AFAWEMY.
  2243 | D:4      | 2243 ||| ENCHANTING +3 orcbow of flaming.
  2244 | D:4      | 2244 ||| DROPPING potion of brilliance.
  2466 | D:4      | 2466 ||| UPGRADING to ring of positive energy.
  2467 | D:4      | 2467 ||| READING scroll labelled NOONTU SUPHA.
  2479 | D:5      | Entered Level 5 of the Dungeon
  2482 | D:5      | 2482 ||| STAIRDANCE
  2586 | D:5      | Reached XP level 7. HP: 35/35 MP: 8/8
  2662 | D:5      | Found a stormy altar of Qazlal.
  2866 | D:5      | 2866 ||| ZAPPING wand of iceblast (13) at 0,2 (black bear;
                  | floor).
  2895 | D:5      | Found a hazy altar of Hepliaklqana.
  2923 | D:5      | Reached skill level 7 in Dodging
  3006 | D:5      | Found a hide-covered altar of Uskayaw.
  3333 | D:5      | 3333 ||| READING 2 scrolls of identify.
  3333 | D:5      | 3333 ||| IDENTIFYING pink potion
  3334 | D:5      | 3334 ||| READING scroll of identify.
  3334 | D:5      | 3334 ||| IDENTIFYING green potion
  3335 | D:5      | 3335 ||| DROPPING potion of ambrosia.
  3390 | D:6      | Reached skill level 8 in Dodging
  3394 | D:6      | Reached XP level 8. HP: 35/39 MP: 9/9
  3459 | D:6      | Reached skill level 3 in Fighting
  3496 | D:6      | 3496 ||| DRINKING potion of haste.
  3508 | D:6      | Noticed Pikel
  3509 | D:6      | 3509 ||| RETREEEEATING.
  3510 | D:6      | 3510 ||| RETREEEEATING.
  3511 | D:6      | 3511 ||| FLEEEEING.
  3512 | D:6      | 3512 ||| FLEEEEING.
  3513 | D:6      | 3513 ||| FLEEEEING.
  3514 | D:6      | 3514 ||| FLEEEEING.
  3515 | D:6      | 3515 ||| FLEEEEING.
  3516 | D:6      | 3516 ||| FLEEEEING.
  3517 | D:6      | 3517 ||| FLEEEEING.
  3518 | D:6      | 3518 ||| FLEEEEING.
  3519 | D:6      | 3519 ||| FLEEEEING.
  3526 | D:6      | 3526 ||| FLEEEEING.
  3527 | D:6      | 3527 ||| FLEEEEING.
  3528 | D:6      | 3528 ||| FLEEEEING.
  3529 | D:6      | 3529 ||| FLEEEEING.
  3532 | D:6      | 3532 ||| FLEEEEING.
  3533 | D:6      | 3533 ||| FLEEEEING.
  3534 | D:6      | 3534 ||| FLEEEEING.
  3535 | D:6      | 3535 ||| FLEEEEING.
  3537 | D:6      | 3537 ||| FLEEEEING.
  3539 | D:6      | 3539 ||| FLEEEEING.
  3540 | D:6      | 3540 ||| FLEEEEING.
  3542 | D:6      | 3542 ||| FLEEEEING.
  3544 | D:6      | 3544 ||| FLEEEEING.
  3546 | D:6      | 3546 ||| FLEEEEING.
  3554 | D:6      | Reached skill level 9 in Ranged Weapons
  3644 | D:6      | Found an opulent altar of Gozag.
  3654 | D:6      | Reached skill level 9 in Dodging
  3673 | D:6      | Found a large runed translucent door.
  3673 | D:6      | Found a large runed translucent door.
  3708 | D:6      | Identified the +1 long sword of the Moth {speed, rCorr}
  3732 | D:6      | Noticed a cyclops
  3732 | D:6      | Noticed a red ugly thing
  3738 | D:6      | Found a large runed translucent door.
  3738 | D:6      | Found a large runed translucent door.
  3845 | D:6      | 3845 ||| ZAPPING wand of iceblast (12) at 3,0 (floor).
  3846 | D:6      | 3846 ||| ZAPPING wand of iceblast (11) at 2,0 (floor).
  3847 | D:6      | 3847 ||| ZAPPING wand of iceblast (10) at 2,0 (Pikel;
                  | floor).
  3848 | D:6      | 3848 ||| STAIRDANCE
  3852 | D:5      | Killed Pikel
  3853 | D:5      | Reached XP level 9. HP: 36/44 MP: 10/10
  3883 | D:5      | 3883 ||| READING scroll of identify.
  3883 | D:5      | 3883 ||| IDENTIFYING red potion
  3884 | D:5      | 3884 ||| READING scroll labelled SOLEUZ JUOX.
  3885 | D:5      | 3885 ||| DROPPING potion of attraction.
  3886 | D:5      | 3886 ||| DROPPING wand of flame (23).
  3958 | D:6      | Identified the amulet of Idghomown {Reflect rF+++ Regen+
                  | SH+5 Stlth-}
  3972 | D:6      | Reached skill level 10 in Dodging
  3985 | D:6      | Identified the ring "Egriluac" {rElec rPois Int+6 Dex+2
                  | SInv}
  4068 | D:6      | Found a runed translucent gate.
  4069 | D:6      | Found a runed translucent gate.
  4070 | D:6      | Found a runed translucent gate.
  4070 | D:6      | Noticed qw's ghost (novice SpHu)
  4073 | D:6      | Noticed a troll
  4239 | D:6      | Found a staircase to the Ecumenical Temple.
  4240 | D:6      | 4240 ||| PLANNING TEMPLE
  4240 | D:6      | 4240 ||| UPGRADING to amulet of Idghomown {Reflect rF+++
                  | Regen+ SH+5 Stlth-}.
  4245 | D:6      | 4245 ||| UPGRADING to ring "Egriluac" {rElec rPois Int+6
                  | Dex+2 SInv}.
  4247 | D:6      | 4247 ||| UPGRADING to +4 ring of protection.
  4249 | D:6      | 4249 ||| DROPPING ring of positive energy.
  4255 | Temple   | Entered the Ecumenical Temple
  4256 | Temple   | 4256 ||| PLANNING OKAWARU WORSHIP
  4266 | Temple   | Became a worshipper of Warmaster Okawaru
  4267 | Temple   | 4267 ||| PLANNING D:1-11
  4799 | D:7      | Found an ancient bone altar of Kikubaaqudgha.
  4832 | D:7      | Reached skill level 11 in Dodging
  4844 | D:7      | Noticed a kobold demonologist
  4844 | D:7      | 4844 ||| ZAPPING wand of paralysis (8) at -1,7 (kobold
                  | demonologist; floor).
  4845 | D:7      | 4845 ||| ZAPPING wand of paralysis (7) at -1,7 (kobold
                  | demonologist; floor).
  4846 | D:7      | 4846 ||| ZAPPING wand of paralysis (6) at -1,6 (kobold
                  | demonologist; floor).
  4847 | D:7      | 4847 ||| RETREEEEATING.
  4848 | D:7      | 4848 ||| RETREEEEATING.
  4849 | D:7      | 4849 ||| ZAPPING wand of paralysis (5) at -2,7 (kobold
                  | demonologist; floor).
  4855 | D:7      | Killed a kobold demonologist
  4872 | D:7      | Found a runed translucent door.
  4895 | D:7      | Noticed qw's ghost (novice DEHu)
  4930 | D:7      | Reached * piety under Okawaru
  4954 | D:7      | Found a runed translucent door.
  4955 | D:7      | Noticed Crazy Yiuf
  5004 | D:7      | Found a shimmering blue altar of Sif Muna.
  5011 | D:7      | Found a sparkling altar of Nemelex Xobeh.
  5048 | D:7      | 5048 ||| UPGRADING to +0 cloak.
  5053 | D:7      | 5053 ||| READING 2 scrolls of identify.
  5053 | D:7      | 5053 ||| IDENTIFYING murky white potion
  5054 | D:7      | 5054 ||| READING scroll of identify.
  5054 | D:7      | 5054 ||| IDENTIFYING silvery potion
  5055 | D:7      | 5055 ||| READING scroll labelled BIM RAZEKASETI.
  5055 | D:7      | 5055 ||| BRANDING +4 orcbow of flaming.
  5056 | D:7      | 5056 ||| READING scroll labelled IHOBU DOSKEITE.
  5056 | D:7      | 5056 ||| ENCHANTING +0 cloak.
  5057 | D:7      | 5057 ||| READING scroll labelled ZUT SECEALU.
  5091 | D:8      | 5091 ||| RETREEEEATING.
  5093 | D:8      | 5093 ||| RETREEEEATING.
  5097 | D:8      | Reached skill level 1 in Invocations
  5097 | D:8      | Reached XP level 10. HP: 48/50 MP: 11/11
  5116 | D:8      | 5116 ||| RETREEEEATING.
  5119 | D:8      | 5119 ||| RETREEEEATING.
  5123 | D:8      | Reached skill level 12 in Dodging
  5124 | D:8      | 5124 ||| RETREEEEATING.
  5126 | D:8      | 5126 ||| RETREEEEATING.
  5131 | D:8      | 5131 ||| RETREEEEATING.
  5134 | D:8      | 5134 ||| RETREEEEATING.
  5135 | D:8      | 5135 ||| RETREEEEATING.
  5136 | D:8      | 5136 ||| RETREEEEATING.
  5137 | D:8      | 5137 ||| RETREEEEATING.
  5144 | D:8      | 5144 ||| RETREEEEATING.
  5146 | D:8      | Reached skill level 3 in Invocations
  5157 | D:8      | Reached ** piety under Okawaru
  5171 | D:8      | Noticed a boulder beetle
  5172 | D:8      | 5172 ||| INVOKING Heroism.
  5192 | D:8      | Killed a boulder beetle
  5222 | D:8      | Noticed a two-headed ogre
  5223 | D:8      | 5223 ||| INVOKING Heroism.
  5230 | D:8      | Killed a two-headed ogre
  5231 | D:8      | Reached skill level 12 in Ranged Weapons
  5231 | D:8      | Noticed a deep elf pyromancer
  5241 | D:8      | Killed a deep elf pyromancer
  5241 | D:8      | Reached *** piety under Okawaru
  5251 | D:8      | Noticed a cyclops
  5255 | D:8      | Killed a cyclops
  5256 | D:8      | Reached skill level 13 in Dodging
  5347 | D:8      | Found a staircase to the Lair.
  5511 | D:8      | Found an ancient bone altar of Kikubaaqudgha.
  5552 | D:8      | 5552 ||| RETREEEEATING.
  5575 | D:8      | Reached XP level 11. HP: 54/54 MP: 15/15
  5581 | D:8      | 5581 ||| READING scroll of enchant weapon.
  5581 | D:8      | 5581 ||| ENCHANTING +4 orcbow of draining.
  5723 | D:8      | Reached **** piety under Okawaru
  6076 | D:8      | Found a shimmering altar of Xom.
  6076 | D:8      | Found a radiant altar of Vehumet.
  6083 | D:8      | Found a white marble altar of Elyvilon.
  6085 | D:8      | Found a faded altar of an unknown god.
  6087 | D:8      | Found a snail-covered altar of Cheibriados.
  6234 | D:8      | 6234 ||| PLANNING LAIR
  6283 | Lair:1   | Entered Level 1 of the Lair of Beasts
  6284 | Lair:1   | 6284 ||| PLANNING GAUNTLET
  6412 | Lair:1   | 6412 ||| RETREEEEATING.
  6414 | Lair:1   | 6414 ||| RETREEEEATING.
  6416 | Lair:1   | 6416 ||| RETREEEEATING.
  6418 | Lair:1   | 6418 ||| RETREEEEATING.
  6600 | Lair:1   | Reached ***** piety under Okawaru
  6601 | Lair:1   | Reached skill level 6 in Invocations
  6785 | Lair:1   | Found a gate leading to a gauntlet.
  6794 | Gauntlet | Entered a Gauntlet
  6794 | Gauntlet | Noticed a death yak
  6794 | Gauntlet | Noticed a death yak
  6794 | Gauntlet | Found a transporter.
  6795 | Gauntlet | Noticed a death yak
  6795 | Gauntlet | Noticed a death yak
  6796 | Gauntlet | Noticed a death yak
  6797 | Gauntlet | Found a transporter.
  6811 | Gauntlet | Found a transporter.
  6815 | Gauntlet | Found a transporter.
  6831 | Gauntlet | Noticed a reaper
  6835 | Gauntlet | Found a transporter.
  6845 | Gauntlet | Noticed a ghost crab
  6848 | Gauntlet | Found a transporter.
  6858 | Gauntlet | Noticed a quicksilver ooze
  6861 | Gauntlet | Found a transporter.
  6878 | Gauntlet | Found a transporter.
  6888 | Gauntlet | Noticed an obsidian statue
  6890 | Gauntlet | Found a transporter.
  6908 | Gauntlet | Found a transporter.
  6914 | Gauntlet | Noticed a green death
  6915 | Gauntlet | Found a transporter.
  6915 | Gauntlet | Found a transporter.
  6974 | Gauntlet | 6974 ||| INVOKING Finesse.
  6989 | Gauntlet | Killed an obsidian statue
  7016 | Gauntlet | Identified the +9 scimitar of Delicate Purpose {freeze,
                  | *Rage rCorr Str+7 SInv}
  7027 | Gauntlet | 7027 ||| ZAPPING wand of digging (2) at -1,0 (iron_grate).
  7028 | Gauntlet | 7028 ||| INVOKING Finesse.
  7035 | Gauntlet | Killed a quicksilver ooze
  7126 | Gauntlet | 7126 ||| DROPPING ring of wizardry.
  7127 | Gauntlet | 7127 ||| READING 4 scrolls of identify.
  7127 | Gauntlet | 7127 ||| IDENTIFYING golden potion
  7146 | Gauntlet | Noticed a minotaur
  7147 | Gauntlet | 7147 ||| INVOKING Finesse.
  7159 | Gauntlet | Killed a minotaur
  7194 | Gauntlet | 7194 ||| READING 2 scrolls of enchant armour.
  7194 | Gauntlet | 7194 ||| ENCHANTING +1 cloak.
  7207 | Gauntlet | 7207 ||| DROPPING amulet of magic regeneration.
  7208 | Gauntlet | 7208 ||| DROPPING +6 ring of intelligence.
  7209 | Gauntlet | 7209 ||| READING 4 scrolls of identify.
  7209 | Gauntlet | 7209 ||| IDENTIFYING scroll labelled SIJE ACZEEHEUH
  7210 | Gauntlet | 7210 ||| READING 3 scrolls of identify.
  7210 | Gauntlet | 7210 ||| IDENTIFYING 2 scrolls labelled ANUJ BIMNIECVO EHE
  7211 | Gauntlet | 7211 ||| DROPPING 2 scrolls of poison.
  7212 | Gauntlet | 7212 ||| DROPPING scroll of fear.
  7226 | Lair:1   | 7226 ||| PLANNING LAIR
  7229 | Lair:1   | Noticed Grum
  7230 | Lair:1   | 7230 ||| RETREEEEATING.
  7234 | Lair:1   | 7234 ||| INVOKING Finesse.
  7248 | Lair:1   | Killed Grum
  7249 | Lair:1   | Reached skill level 14 in Dodging
  7296 | Lair:1   | You fall into a shaft and drop 1 floor!
  7297 | Lair:2   | 7297 ||| RETREEEEATING.
  7298 | Lair:2   | 7298 ||| RETREEEEATING.
  7299 | Lair:2   | 7299 ||| RETREEEEATING.
  7300 | Lair:2   | 7300 ||| RETREEEEATING.
  7302 | Lair:2   | 7302 ||| RETREEEEATING.
  7304 | Lair:2   | 7304 ||| RETREEEEATING.
  7306 | Lair:2   | 7306 ||| RETREEEEATING.
  7307 | Lair:2   | 7307 ||| RETREEEEATING.
  7308 | Lair:2   | 7308 ||| INVOKING Finesse.
  7326 | Lair:2   | Received a gift from Okawaru
  7442 | Lair:1   | 7442 ||| READING 2 scrolls of identify.
  7442 | Lair:1   | 7442 ||| IDENTIFYING emerald potion
  7580 | Lair:2   | 7580 ||| RETREEEEATING.
  7581 | Lair:2   | 7581 ||| RETREEEEATING.
  7582 | Lair:2   | 7582 ||| RETREEEEATING.
  7583 | Lair:2   | 7583 ||| RETREEEEATING.
  7584 | Lair:2   | 7584 ||| RETREEEEATING.
  7585 | Lair:2   | 7585 ||| RETREEEEATING.
  7586 | Lair:2   | 7586 ||| RETREEEEATING.
  7587 | Lair:2   | 7587 ||| RETREEEEATING.
  7588 | Lair:2   | 7588 ||| RETREEEEATING.
  7589 | Lair:2   | 7589 ||| RETREEEEATING.
  7590 | Lair:2   | 7590 ||| RETREEEEATING.
  7591 | Lair:2   | 7591 ||| RETREEEEATING.
  7592 | Lair:2   | 7592 ||| RETREEEEATING.
  7593 | Lair:2   | 7593 ||| RETREEEEATING.
  7594 | Lair:2   | 7594 ||| RETREEEEATING.
  7595 | Lair:2   | 7595 ||| RETREEEEATING.
  7596 | Lair:2   | 7596 ||| RETREEEEATING.
  7597 | Lair:2   | 7597 ||| RETREEEEATING.
  7598 | Lair:2   | 7598 ||| RETREEEEATING.
  7599 | Lair:2   | 7599 ||| RETREEEEATING.
  7600 | Lair:2   | 7600 ||| RETREEEEATING.
  7601 | Lair:2   | 7601 ||| RETREEEEATING.
  7604 | Lair:2   | 7604 ||| RETREEEEATING.
  7605 | Lair:2   | 7605 ||| RETREEEEATING.
  7606 | Lair:2   | 7606 ||| RETREEEEATING.
  7607 | Lair:2   | 7607 ||| RETREEEEATING.
  7608 | Lair:2   | 7608 ||| RETREEEEATING.
  7609 | Lair:2   | 7609 ||| RETREEEEATING.
  7610 | Lair:2   | 7610 ||| RETREEEEATING.
  7612 | Lair:2   | 7612 ||| RETREEEEATING.
  7613 | Lair:2   | 7613 ||| RETREEEEATING.
  7614 | Lair:2   | 7614 ||| RETREEEEATING.
  7615 | Lair:2   | 7615 ||| RETREEEEATING.
  7616 | Lair:2   | 7616 ||| RETREEEEATING.
  7617 | Lair:2   | 7617 ||| RETREEEEATING.
  7618 | Lair:2   | 7618 ||| RETREEEEATING.
  7619 | Lair:2   | 7619 ||| RETREEEEATING.
  7620 | Lair:2   | 7620 ||| RETREEEEATING.
  7621 | Lair:2   | 7621 ||| RETREEEEATING.
  7622 | Lair:2   | 7622 ||| RETREEEEATING.
  7623 | Lair:2   | 7623 ||| RETREEEEATING.
  7624 | Lair:2   | 7624 ||| RETREEEEATING.
  7625 | Lair:2   | 7625 ||| RETREEEEATING.
  7626 | Lair:2   | 7626 ||| RETREEEEATING.
  7627 | Lair:2   | 7627 ||| RETREEEEATING.
  7628 | Lair:2   | 7628 ||| RETREEEEATING.
  7629 | Lair:2   | 7629 ||| RETREEEEATING.
  7630 | Lair:2   | 7630 ||| RETREEEEATING.
  7635 | Lair:2   | Reached XP level 12. HP: 41/60 MP: 19/19
  7699 | Lair:2   | Noticed a five-headed hydra
  7700 | Lair:2   | 7700 ||| INVOKING Finesse.
  7704 | Lair:2   | Killed a five-headed hydra
  7708 | Lair:2   | Reached skill level 15 in Dodging
  7756 | Lair:2   | Reached skill level 9 in Invocations
  8091 | Lair:2   | 8091 ||| READING scroll of brand weapon.
  8091 | Lair:2   | 8091 ||| BRANDING +5 orcbow of draining.
  8314 | Lair:3   | Found a hole to the Spider Nest.
  8334 | Lair:3   | Received a gift from Okawaru
  8373 | Lair:3   | 8373 ||| RETREEEEATING.
  8375 | Lair:3   | 8375 ||| RETREEEEATING.
  8403 | Lair:3   | Found a staircase to the Swamp.
  8428 | Lair:3   | Found a transporter.
  8428 | Lair:3   | Found the +8 demon trident "Rift" {distort, reach+}
  8429 | Lair:3   | Noticed qw's ghost (journeyman DgHu)
  8502 | Lair:3   | Found a transporter.
  9089 | Lair:3   | 9089 ||| READING scroll of identify.
  9089 | Lair:3   | 9089 ||| IDENTIFYING fizzy brown potion
  9090 | Lair:3   | 9090 ||| DROPPING potion of invisibility.
  9124 | Lair:4   | Found a transporter.
  9174 | Lair:4   | 9174 ||| RETREEEEATING.
  9181 | Lair:4   | 9181 ||| INVOKING Finesse.
  9182 | Lair:4   | 9182 ||| INVOKING Heroism.
  9185 | Lair:4   | Reached skill level 6 in Fighting
  9290 | Lair:4   | Received a gift from Okawaru
  9292 | Lair:4   | 9292 ||| RETREEEEATING.
  9293 | Lair:4   | 9293 ||| RETREEEEATING.
  9294 | Lair:4   | 9294 ||| RETREEEEATING.
  9295 | Lair:4   | 9295 ||| RETREEEEATING.
  9296 | Lair:4   | 9296 ||| RETREEEEATING.
  9297 | Lair:4   | 9297 ||| RETREEEEATING.
  9298 | Lair:4   | 9298 ||| RETREEEEATING.
  9299 | Lair:4   | 9299 ||| RETREEEEATING.
  9300 | Lair:4   | 9300 ||| RETREEEEATING.
  9301 | Lair:4   | 9301 ||| RETREEEEATING.
  9302 | Lair:4   | 9302 ||| RETREEEEATING.
  9303 | Lair:4   | 9303 ||| RETREEEEATING.
  9304 | Lair:4   | 9304 ||| RETREEEEATING.
  9305 | Lair:4   | 9305 ||| RETREEEEATING.
  9306 | Lair:4   | 9306 ||| RETREEEEATING.
  9307 | Lair:4   | 9307 ||| RETREEEEATING.
  9308 | Lair:4   | 9308 ||| RETREEEEATING.
  9313 | Lair:4   | Reached skill level 16 in Dodging
  9371 | Lair:4   | Noticed a catoblepas
  9374 | Lair:4   | 9374 ||| RETREEEEATING.
  9376 | Lair:4   | 9376 ||| RETREEEEATING.
  9381 | Lair:4   | 9381 ||| RETREEEEATING.
  9383 | Lair:4   | 9383 ||| RETREEEEATING.
  9385 | Lair:4   | 9385 ||| RETREEEEATING.
  9386 | Lair:4   | 9386 ||| RETREEEEATING.
  9388 | Lair:4   | 9388 ||| INVOKING Finesse.
  9392 | Lair:4   | 9392 ||| Stepping ~*~*~tactically~*~*~ (cloud).
  9411 | Lair:4   | 9411 ||| Stepping ~*~*~tactically~*~*~ (cloud).
  9416 | Lair:4   | Killed a catoblepas
  9478 | Lair:4   | 9478 ||| RETREEEEATING.
  9480 | Lair:4   | 9480 ||| RETREEEEATING.
  9482 | Lair:4   | 9482 ||| RETREEEEATING.
  9484 | Lair:4   | 9484 ||| RETREEEEATING.
  9487 | Lair:4   | 9487 ||| RETREEEEATING.
  9496 | Lair:4   | 9496 ||| RETREEEEATING.
  9498 | Lair:4   | 9498 ||| RETREEEEATING.
  9500 | Lair:4   | Reached XP level 13. HP: 65/65 MP: 21/21
  9502 | Lair:4   | 9502 ||| RETREEEEATING.
  9520 | Lair:4   | 9520 ||| RETREEEEATING.
  9521 | Lair:4   | 9521 ||| RETREEEEATING.
  9522 | Lair:4   | 9522 ||| RETREEEEATING.
  9603 | Lair:4   | Reached skill level 15 in Ranged Weapons
  9683 | Lair:4   | Reached skill level 1 in Armour
  9830 | Lair:4   | 9830 ||| RETREEEEATING.
  9831 | Lair:4   | 9831 ||| RETREEEEATING.
  9832 | Lair:4   | 9832 ||| RETREEEEATING.
  9833 | Lair:4   | 9833 ||| RETREEEEATING.
  9839 | Lair:4   | Received a gift from Okawaru
  9906 | Lair:4   | Found a transporter.
 10138 | Lair:4   | 10138 ||| READING 2 scrolls of identify.
 10138 | Lair:4   | 10138 ||| IDENTIFYING scroll labelled XEUCIG ENWOU
 10139 | Lair:4   | 10139 ||| DROPPING scroll of immolation.
 10160 | Lair:5   | Entered Level 5 of the Lair of Beasts
 10167 | Lair:5   | 10167 ||| STAIRDANCE
 10255 | Lair:5   | 10255 ||| RETREEEEATING.
 10259 | Lair:5   | 10259 ||| RETREEEEATING.
 10260 | Lair:5   | 10260 ||| RETREEEEATING.
 10261 | Lair:5   | 10261 ||| RETREEEEATING.
 10274 | Lair:5   | HP: 14/65 [seven-headed hydra (11)]
 10275 | Lair:5   | 10275 ||| READING 3 scrolls of teleportation.
 10276 | Lair:5   | 10276 ||| DRINKING potion of heal wounds.
 10280 | Lair:5   | 10280 ||| RETREEEEATING.
 10281 | Lair:5   | 10281 ||| RETREEEEATING.
 10282 | Lair:5   | 10282 ||| RETREEEEATING.
 10286 | Lair:5   | 10286 ||| INVOKING Finesse.
 10286 | Lair:5   | HP: 15/65 [acid (9)]
 10287 | Lair:5   | 10287 ||| READING 2 scrolls of teleportation.
 10291 | Lair:5   | HP: 3/65 [blink frog (12)]
 10292 | Lair:5   | Reached skill level 17 in Dodging
 10296 | Lair:5   | 10296 ||| RETREEEEATING.
 10299 | Lair:5   | 10299 ||| FLEEEEING.
 10300 | Lair:5   | 10300 ||| FLEEEEING.
 10301 | Lair:5   | 10301 ||| FLEEEEING.
 10302 | Lair:5   | 10302 ||| FLEEEEING.
 10303 | Lair:5   | 10303 ||| FLEEEEING.
 10304 | Lair:5   | 10304 ||| FLEEEEING.
 10305 | Lair:5   | 10305 ||| FLEEEEING.
 10306 | Lair:5   | 10306 ||| READING scroll of teleportation.
 10307 | Lair:5   | 10307 ||| FLEEEEING.
 10310 | Lair:5   | HP: 9/65 [five-headed hydra (5)]
 10389 | Lair:5   | 10389 ||| RETREEEEATING.
 10391 | Lair:5   | 10391 ||| RETREEEEATING.
 10392 | Lair:5   | 10392 ||| RETREEEEATING.
 10394 | Lair:5   | 10394 ||| RETREEEEATING.
 10396 | Lair:5   | 10396 ||| RETREEEEATING.
 10398 | Lair:5   | 10398 ||| RETREEEEATING.
 10406 | Lair:5   | 10406 ||| RETREEEEATING.
 10456 | Lair:5   | Received a gift from Okawaru
 10536 | Lair:5   | 10536 ||| RETREEEEATING.
 10537 | Lair:5   | 10537 ||| RETREEEEATING.
 10540 | Lair:5   | 10540 ||| RETREEEEATING.
 10555 | Lair:5   | 10555 ||| RETREEEEATING.
 10558 | Lair:5   | 10558 ||| RETREEEEATING.
 10559 | Lair:5   | 10559 ||| RETREEEEATING.
 10560 | Lair:5   | 10560 ||| RETREEEEATING.
 10561 | Lair:5   | 10561 ||| RETREEEEATING.
 10562 | Lair:5   | 10562 ||| RETREEEEATING.
 10647 | Lair:5   | 10647 ||| RETREEEEATING.
 10648 | Lair:5   | 10648 ||| RETREEEEATING.
 10649 | Lair:5   | 10649 ||| RETREEEEATING.
 10650 | Lair:5   | 10650 ||| RETREEEEATING.
 10651 | Lair:5   | 10651 ||| RETREEEEATING.
 10652 | Lair:5   | 10652 ||| RETREEEEATING.
 10653 | Lair:5   | 10653 ||| RETREEEEATING.
 10654 | Lair:5   | 10654 ||| RETREEEEATING.
 10655 | Lair:5   | 10655 ||| RETREEEEATING.
 10656 | Lair:5   | 10656 ||| RETREEEEATING.
 10657 | Lair:5   | 10657 ||| RETREEEEATING.
 10659 | Lair:5   | 10659 ||| RETREEEEATING.
 10660 | Lair:5   | 10660 ||| RETREEEEATING.
 10661 | Lair:5   | 10661 ||| RETREEEEATING.
 10662 | Lair:5   | 10662 ||| RETREEEEATING.
 10664 | Lair:5   | 10664 ||| RETREEEEATING.
 10670 | Lair:5   | 10670 ||| RETREEEEATING.
 10671 | Lair:5   | 10671 ||| RETREEEEATING.
 10672 | Lair:5   | 10672 ||| RETREEEEATING.
 10676 | Lair:5   | 10676 ||| RETREEEEATING.
 10682 | Lair:5   | 10682 ||| RETREEEEATING.
 10683 | Lair:5   | 10683 ||| RETREEEEATING.
 10684 | Lair:5   | 10684 ||| RETREEEEATING.
 10685 | Lair:5   | 10685 ||| RETREEEEATING.
 10686 | Lair:5   | 10686 ||| RETREEEEATING.
 10687 | Lair:5   | 10687 ||| RETREEEEATING.
 10688 | Lair:5   | 10688 ||| RETREEEEATING.
 10793 | Lair:5   | Received a gift from Okawaru
 10844 | Lair:5   | 10844 ||| RETREEEEATING.
 10845 | Lair:5   | 10845 ||| RETREEEEATING.
 10846 | Lair:5   | 10846 ||| RETREEEEATING.
 10847 | Lair:5   | 10847 ||| RETREEEEATING.
 10848 | Lair:5   | 10848 ||| RETREEEEATING.
 10849 | Lair:5   | 10849 ||| RETREEEEATING.
 10850 | Lair:5   | 10850 ||| RETREEEEATING.
 10851 | Lair:5   | 10851 ||| RETREEEEATING.
 10852 | Lair:5   | 10852 ||| RETREEEEATING.
 10916 | Lair:5   | 10916 ||| RETREEEEATING.
 10921 | Lair:5   | 10921 ||| RETREEEEATING.
 10922 | Lair:5   | 10922 ||| RETREEEEATING.
 10923 | Lair:5   | 10923 ||| RETREEEEATING.
 10924 | Lair:5   | 10924 ||| RETREEEEATING.
 10925 | Lair:5   | 10925 ||| RETREEEEATING.
 10930 | Lair:5   | 10930 ||| DRINKING potion of cancellation.
 10999 | Lair:5   | Got an earthy gem with 872 turns to spare
 11066 | Lair:5   | 11066 ||| RETREEEEATING.
 11069 | Lair:5   | 11069 ||| RETREEEEATING.
 11073 | Lair:5   | Reached skill level 18 in Dodging
 11077 | Lair:5   | Reached XP level 14. HP: 65/72 MP: 22/22
 11084 | Lair:5   | Reached ****** piety under Okawaru
 11098 | Lair:5   | 11098 ||| INVOKING Receive Weapon.
 11098 | Lair:5   | 11098 ||| ACQUIRING +0 arbalest of Okawaru's Grace {penet,
                  | ^Fragile Str+3 Int+4}
 11098 | Lair:5   | Acquired the +0 arbalest of Okawaru's Grace {penet,
                  | ^Fragile Str+3 Int+4}
 11098 | Lair:5   | Received a gift from Okawaru
 11103 | Lair:5   | 11103 ||| INVOKING Receive Armour.
 11103 | Lair:5   | 11103 ||| ACQUIRING +5 animal skin of the Great Game {rN+}
 11103 | Lair:5   | Acquired the +5 animal skin of the Great Game {rN+}
 11103 | Lair:5   | Received a gift from Okawaru
 11105 | Lair:5   | 11105 ||| SWAPPING to +0 arbalest of Okawaru's Grace
                  | {penet, ^Fragile Str+3 Int+4}.
 11106 | Lair:5   | 11106 ||| DROPPING +5 orcbow of electrocution.
 11134 | Lair:5   | Received a gift from Okawaru
 11135 | Lair:5   | 11135 ||| RETREEEEATING.
 11170 | Lair:5   | 11170 ||| RETREEEEATING.
 11173 | Lair:5   | 11173 ||| RETREEEEATING.
 11174 | Lair:5   | 11174 ||| RETREEEEATING.
 11175 | Lair:5   | 11175 ||| RETREEEEATING.
 11176 | Lair:5   | 11176 ||| RETREEEEATING.
 11177 | Lair:5   | 11177 ||| RETREEEEATING.
 11178 | Lair:5   | 11178 ||| INVOKING Finesse.
 11246 | Lair:5   | 11246 ||| INVOKING Finesse.
 11314 | Lair:5   | Found a corrupted altar of Lugonu.
 11314 | Lair:5   | Found a one-way gate to the infinite horrors of the Abyss.
 11502 | Lair:5   | Found a runed translucent door.
 11502 | Lair:5   | Found a viscous altar of Jiyva.
 11502 | Lair:5   | Noticed an azure jelly
 11504 | Lair:5   | Found a staircase to the Slime Pits.
 11504 | Lair:5   | Noticed an azure jelly
 11795 | Lair:5   | 11795 ||| PLANNING D:1-11
 11795 | Lair:5   | 11795 ||| UPGRADING to +5 animal skin of the Great Game
                  | {rN+}.
 11805 | Lair:5   | 11805 ||| DROPPING +0 robe.
 11957 | D:9      | Received a gift from Okawaru
 12440 | D:10     | Entered Level 10 of the Dungeon
 12488 | D:10     | 12488 ||| INVOKING Finesse.
 12934 | D:10     | Found a flagged portal.
 13134 | D:10     | Found a runed translucent door.
 13135 | D:10     | Noticed qw's ghost (journeyman SpHu)
 13355 | D:11     | Reached skill level 19 in Dodging
 13780 | D:11     | Found a staircase to the Orcish Mines.
 14093 | D:11     | 14093 ||| PLANNING D
 14093 | D:11     | 14093 ||| DROPPING amulet of the acrobat.
 14122 | D:12     | Received a gift from Okawaru
 14133 | D:12     | 14133 ||| RETREEEEATING.
 14377 | D:12     | 14377 ||| RETREEEEATING.
 14379 | D:12     | 14379 ||| RETREEEEATING.
 14381 | D:12     | 14381 ||| RETREEEEATING.
 14391 | D:12     | 14391 ||| RETREEEEATING.
 14392 | D:12     | 14392 ||| RETREEEEATING.
 14403 | D:12     | 14403 ||| READING 5 scrolls of teleportation.
 14404 | D:12     | 14404 ||| ZAPPING wand of paralysis (6) at 0,1 (enormous
                  | slime creature; floor).
 14405 | D:12     | 14405 ||| ZAPPING wand of paralysis (5) at 0,1 (enormous
                  | slime creature; floor).
 14406 | D:12     | 14406 ||| FLEEEEING.
 14519 | D:12     | 14519 ||| RETREEEEATING.
 14566 | D:12     | Found Waoskadim's Book Emporium.
 14868 | D:13     | Reached skill level 18 in Ranged Weapons
 14897 | D:13     | 14897 ||| RETREEEEATING.
 14898 | D:13     | 14898 ||| INVOKING Finesse.
 14903 | D:13     | Received a gift from Okawaru
 15020 | D:13     | 15020 ||| RETREEEEATING.
 15028 | D:13     | 15028 ||| INVOKING Finesse.
 15055 | D:13     | 15055 ||| READING 4 scrolls of teleportation.
 15056 | D:13     | 15056 ||| ZAPPING wand of paralysis (4) at -2,3 (enormous
                  | slime creature; floor).
 15129 | D:13     | Reached XP level 15. HP: 77/77 MP: 23/23
 15170 | D:13     | Received a gift from Okawaru
 15467 | D:13     | Reached skill level 20 in Dodging
 15498 | D:13     | 15498 ||| READING 4 scrolls of identify.
 15498 | D:13     | 15498 ||| IDENTIFYING 2 murky pink potions
 15642 | D:14     | 15642 ||| RETREEEEATING.
 15643 | D:14     | 15643 ||| RETREEEEATING.
 15644 | D:14     | 15644 ||| RETREEEEATING.
 15646 | D:14     | 15646 ||| RETREEEEATING.
 15650 | D:14     | 15650 ||| RETREEEEATING.
 15653 | D:14     | 15653 ||| RETREEEEATING.
 15655 | D:14     | 15655 ||| RETREEEEATING.
 15765 | D:14     | 15765 ||| Stepping ~*~*~tactically~*~*~ (cloud).
 15891 | D:14     | 15891 ||| INVOKING Finesse.
 15896 | D:14     | 15896 ||| FLEEEEING.
 15897 | D:14     | 15897 ||| FLEEEEING.
 15898 | D:14     | 15898 ||| FLEEEEING.
 15905 | D:14     | 15905 ||| FLEEEEING.
 15906 | D:14     | 15906 ||| FLEEEEING.
 15907 | D:14     | 15907 ||| FLEEEEING.
 15909 | D:14     | 15909 ||| FLEEEEING.
 15910 | D:14     | 15910 ||| FLEEEEING.
 15911 | D:14     | 15911 ||| STAIRDANCE
 16028 | D:14     | 16028 ||| INVOKING Finesse.
 16067 | D:14     | Found a gate to the Vaults.
 16105 | D:14     | Reached skill level 21 in Dodging
 16295 | D:14     | 16295 ||| RETREEEEATING.
 16566 | D:15     | Entered Level 15 of the Dungeon
 16566 | D:15     | Noticed Louise
 16567 | D:15     | 16567 ||| RETREEEEATING.
 16568 | D:15     | 16568 ||| INVOKING Finesse.
 16591 | D:15     | Reached skill level 9 in Fighting
 16596 | D:15     | 16596 ||| Stepping ~*~*~tactically~*~*~ (cloud).
 16597 | D:15     | 16597 ||| INVOKING Finesse.
 16599 | D:15     | Received a gift from Okawaru
 16605 | D:15     | 16605 ||| Stepping ~*~*~tactically~*~*~ (cloud).
 16609 | D:15     | 16609 ||| Stepping ~*~*~tactically~*~*~ (cloud).
 16609 | D:15     | Found a staircase to the Depths.
 16614 | D:15     | HP: 17/79 [catoblepas (22)]
 16615 | D:15     | 16615 ||| READING 3 scrolls of teleportation.
 16616 | D:15     | 16616 ||| DRINKING 2 potions of heal wounds.
 16617 | D:15     | 16617 ||| Stepping ~*~*~tactically~*~*~ (cloud).
 16620 | D:15     | 16620 ||| Stepping ~*~*~tactically~*~*~ (cloud).
 16646 | D:15     | Killed Louise
 16690 | D:15     | Got a smoky gem with 1374 turns to spare
 16884 | D:15     | Received a gift from Okawaru
 16885 | D:15     | Reached skill level 22 in Dodging
 17186 | D:15     | 17186 ||| PLANNING ORC
 17309 | Orc:1    | Entered Level 1 of the Orcish Mines
 17310 | Orc:1    | 17310 ||| RETREEEEATING.
 17311 | Orc:1    | 17311 ||| RETREEEEATING.
 17312 | Orc:1    | 17312 ||| RETREEEEATING.
 17314 | Orc:1    | 17314 ||| RETREEEEATING.
 17315 | Orc:1    | 17315 ||| RETREEEEATING.
 17318 | Orc:1    | Noticed Urug
 17324 | Orc:1    | 17324 ||| RETREEEEATING.
 17325 | Orc:1    | 17325 ||| RETREEEEATING.
 17326 | Orc:1    | 17326 ||| RETREEEEATING.
 17331 | Orc:1    | Noticed Josephine
 17332 | Orc:1    | 17332 ||| INVOKING Finesse.
 17335 | Orc:1    | HP: 8/79 [Urug/+6 double sword (38)]
 17336 | Orc:1    | 17336 ||| READING 2 scrolls of teleportation.
 17337 | Orc:1    | 17337 ||| DRINKING potion of heal wounds.
 17347 | Orc:1    | Killed Urug
 17352 | Orc:1    | Killed Josephine
 17363 | Orc:1    | HP: 5/79 [orc warlord/+0 war axe of draining (27)]
 17363 | Orc:1    | HP: 2/77 [orc warlord/+0 war axe of draining (3)]
 17364 | Orc:1    | 17364 ||| READING scroll of teleportation.
 17855 | Orc:2    | Entered Level 2 of the Orcish Mines
 17859 | Orc:2    | 17859 ||| STAIRDANCE
 17868 | Orc:2    | 17868 ||| STAIRDANCE
 17874 | Orc:2    | 17874 ||| STAIRDANCE
 17910 | Orc:2    | Noticed Snorg
 17918 | Orc:2    | 17918 ||| INVOKING Finesse.
 17919 | Orc:2    | 17919 ||| STAIRDANCE
 17921 | Orc:1    | 17921 ||| INVOKING Heroism.
 17930 | Orc:1    | Killed Snorg
 17931 | Orc:1    | Reached skill level 23 in Dodging
 17982 | Orc:1    | 17982 ||| DROPPING +0 troll leather armour.
 17983 | Orc:1    | 17983 ||| UPGRADING to +3 troll leather armour {Snorg}.
 17993 | Orc:1    | 17993 ||| DROPPING +5 animal skin of the Great Game {rN+}.
 18004 | Orc:1    | 18004 ||| Stepping randomly (stuck).
 18051 | Orc:2    | Received a gift from Okawaru
 18052 | Orc:2    | Reached XP level 16. HP: 78/84 MP: 24/24
 18133 | Orc:2    | Found a staircase to the Elven Halls.
 18241 | Orc:2    | 18241 ||| UPGRADING to +0 hand cannon of draining.
 18242 | Orc:2    | 18242 ||| READING scroll of enchant weapon.
 18242 | Orc:2    | 18242 ||| ENCHANTING +0 hand cannon of draining.
 18390 | Orc:2    | Found Beuzxubaa's Jewellery Emporium.
 18390 | Orc:2    | Found Eriuthru's Assorted Antiques.
 18392 | Orc:2    | Found Dyruehap's Jewellery Shop.
 18394 | Orc:2    | Found Aguag's Book Shoppe.
 18398 | Orc:2    | 18398 ||| BUYING +4 ring of protection (396 gold).
 18398 | Orc:2    | Bought a +4 ring of protection for 396 gold pieces
 18398 | Orc:2    | 18398 ||| BUYING ring of Darkness {rPois rC+ rCorr} (459
                  | gold).
 18398 | Orc:2    | Bought the ring of Darkness {rPois rC+ rCorr} for 459 gold
                  | pieces
 18399 | Orc:2    | 18399 ||| BUYING glowing amethyst potion (25 gold).
 18399 | Orc:2    | Bought a glowing amethyst potion for 25 gold pieces
 18399 | Orc:2    | 18399 ||| BUYING potion of curing (84 gold).
 18399 | Orc:2    | Bought a potion of curing for 84 gold pieces
 18399 | Orc:2    | 18399 ||| BUYING potion of mutation (224 gold).
 18399 | Orc:2    | Bought a potion of mutation for 224 gold pieces
 18399 | Orc:2    | 18399 ||| BUYING scroll of identify (56 gold).
 18399 | Orc:2    | Bought a scroll of identify for 56 gold pieces
 18399 | Orc:2    | 18399 ||| BUYING wand of paralysis (3) (201 gold).
 18399 | Orc:2    | Bought a wand of paralysis (3) for 201 gold pieces
 18401 | Orc:2    | 18401 ||| BUYING +5 ring of evasion (540 gold).
 18401 | Orc:2    | Bought a +5 ring of evasion for 540 gold pieces
 18401 | Orc:2    | 18401 ||| SHOPLISTING +6 ring of dexterity (540 gold, have
                  | 281).
 18401 | Orc:2    | 18401 ||| SHOPLISTING ring of fire (375 gold, have 281).
 18539 | Orc:2    | 18539 ||| PLANNING SWAMP:1-3
 18539 | Orc:2    | 18539 ||| DROPPING ring of protection from cold.
 18540 | Orc:2    | 18540 ||| DROPPING +4 ring of protection.
 18543 | Orc:2    | Noticed Sonja
 18554 | Orc:2    | Killed Sonja
 18577 | Orc:2    | 18577 ||| UPGRADING to +5 ring of evasion.
 18579 | Orc:2    | 18579 ||| READING 8 scrolls of identify.
 18579 | Orc:2    | 18579 ||| IDENTIFYING glowing amethyst potion
 18580 | Orc:2    | 18580 ||| DROPPING potion of lignification.
 18786 | Swamp:1  | Entered Level 1 of the Swamp
 18789 | Swamp:1  | 18789 ||| STAIRDANCE
 18795 | Swamp:1  | 18795 ||| STAIRDANCE
 18949 | Swamp:1  | 18949 ||| RETREEEEATING.
 18950 | Swamp:1  | 18950 ||| RETREEEEATING.
 18951 | Swamp:1  | 18951 ||| RETREEEEATING.
 18952 | Swamp:1  | 18952 ||| RETREEEEATING.
 18953 | Swamp:1  | 18953 ||| RETREEEEATING.
 19156 | Swamp:1  | Received a gift from Okawaru
 19267 | Swamp:1  | Identified the +6 trident of the Feather {heavy, rF++}
 19382 | Swamp:2  | 19382 ||| RETREEEEATING.
 19387 | Swamp:2  | 19387 ||| RETREEEEATING.
 19390 | Swamp:2  | 19390 ||| INVOKING Finesse.
 19396 | Swamp:2  | HP: 21/84 [bog body (29)]
 19401 | Swamp:2  | HP: 15/84 [ghost crab] (4)]
 19402 | Swamp:2  | Killed from afar by a spriggan druid

Levels and vault maps discovered:
D:1:      minmay_arrival_glassed_features, layout_rooms,
          shapermc_ecumenical_altar_starsandcircs
D:2:      layout_loops_ring, chequers_serial_rivers_large_b
D:3:      layout_loops_ring, nicolae_overflow_ecumenical_swirl, uniq_jessica,
          uniq_natasha
D:4:      layout_basic
D:5:      layout_loops_corners, nicolae_qazlal_general_emergency,
          nicolae_uskayaw_murder_on_the_dancefloor,
          nicolae_hepliaklqana_hazy_memory, nicolae_zen_rock_garden
D:6:      layout_basic, overflow_temple_1_default,
          minmay_temple_entry_enclosed_plants, gammafunk_ghost_split,
          minmay_hollow_rounded_squares, uniq_pikel
D:7:      layout_loops_ring, nicolae_kikubaaqudgha_miasma_corner,
          amethyst_overflow_temple_binary, ebering_ghost_reflecting_pool,
          uniq_crazy_yiuf_cottage
D:8:      minmay_curly_fans, layout_layer_cave,
          chequers_temple_overflow_minitemple, minmay_lair_entry_grove,
          roadster_capsule_ark_zombie
D:9:      layout_roguey, kennysheep_donut
D:10:     minmay_diamond_stairs, layout_grid_maze,
          ebering_ghost_reflecting_pool, enter_bailey_3
D:11:     layout_stronghold, orc_0_dummy, billiards_dpeg
D:12:     layout_roguey, serial_shops, shop
D:13:     minmay_crescents, layout_long_grid
D:14:     layout_basic, hellmonk_vaults_order_and_chaos
D:15:     gammafunk_depths_entry_grave, layout_rooms, hangedman_glass_teeth,
          uniq_louise
Temple:   hellmonk_temple_flake
Lair:1:   layout_roguey, gauntlet_entry_generic, minivault_19, uniq_grum
Lair:2:   layout_chaotic_city, minivault_19, pdpol_lair_neglected_garden,
          infiniplex_staircase_pool
Lair:3:   layout_hall_layers, skrybe_swamp_entry_bodies, spider_nest_entry_a,
          gammafunk_ghost_abyssal_escape
Lair:4:   gammafunk_cloud_chamber, layout_loops_ring, cheibrodos_lair_lostbears,
          lemuel_fruit_tree
Lair:5:   hellmonk_lair_end_abyssal_woods, layout_loops_ring, slime_entry_2,
          nzn_sisyphean_effort, grunt_megastairs_4
Swamp:1:  layout_basic_swamp, serial_swamp_ruin, evilmike_swamp_ruin_house_5,
          evilmike_swamp_ruin_house_6, nicolae_swamp_long_stream
Swamp:2:  layout_basic_swamp, nicolae_swamp_tree_isthmus
Orc:1:    layout_caves, mines2_david, uniq_josephine, uniq_urug
Orc:2:    st_orc_rangers, layout_caves, uniq_snorg, uniq_sonja

Skill      XL: |  1  2  3  4  5  6  7  8  9 10 11 12 13 14 15 |
---------------+----------------------------------------------+-----
Dodging        | 3 4 5 6 8 9 11 13 14 16 18 19 23 | 23.0
Ranged Weapons | 5 6 7 8 10 11 12 13 14 16 18 | 18.8
Fighting       | 2 3 4 5 6 7 8 9 |  9.5
Invocations    | 1 4 8 10 | 10.0
Armour         | 1 2 |  2.0
Stealth        | |  1.5

Action                     |  1- 3 |  4- 6 |  7- 9 | 10-12 | 13-15 | 16-18 || total
---------------------------+-------+-------+-------+-------+-------+-------++-------
   Fire: Shortbow          |   131 |    15 |       |       |       |       ||   146
         Orcbow            |       |    81 |   210 |   686 |   414 |       ||  1391
         Arbalest          |       |       |       |       |  1026 |    85 ||  1111
         Hand cannon       |       |       |       |       |       |   182 ||   182
 Invoke: Heroism           |       |       |       |     3 |     1 |       ||     4
         Finesse           |       |       |       |     8 |    12 |     1 ||    21
         Receive Weapon    |       |       |       |       |     1 |       ||     1
         Receive Armour    |       |       |       |       |     1 |       ||     1
  Evoke: Wand              |       |       |     8 |     1 |     3 |       ||    12
    Use: Scroll            |     3 |     9 |     9 |     8 |    10 |     2 ||    41
         Potion            |     1 |     3 |     1 |       |     4 |       ||     9
 Armour: Robe              |    23 |     8 |    19 |    70 |    59 |       ||   179
         Animal skin       |       |       |       |       |   128 |       ||   128
         Troll leather arm |       |       |       |       |     2 |    54 ||    56
  Dodge: Dodged            |    62 |    10 |    56 |   358 |   952 |   242 ||  1680
  Block: Other             |       |       |     4 |    62 |   139 |    35 ||   240
         Reflection        |       |       |     2 |     2 |     8 |     9 ||    21

Table legend:
 A = Non-vault XP
 B = Vault XP
 C = Vault XP percentage of total XP
 D = Non-vault monster count
 E = Vault monster count
 F = Vault count percentage of total count
                 A         B        C        D         E       F
            +---------+---------+-------+---------+---------+-------
      Total |  112649 |   61156 |  35.2 |     553 |     199 |  26.5
            +---------+---------+-------+---------+---------+-------
        D:1 |      61 |       0 |   0.0 |      32 |       0 |   0.0
        D:2 |     103 |       0 |   0.0 |      15 |       0 |   0.0
        D:3 |     147 |      76 |  34.1 |      23 |       2 |   8.0
        D:4 |     131 |       0 |   0.0 |      11 |       0 |   0.0
        D:5 |     650 |     617 |  48.7 |      11 |       1 |   8.3
        D:6 |    1554 |     809 |  34.2 |      20 |      10 |  33.3
        D:7 |    1020 |       0 |   0.0 |      19 |       0 |   0.0
        D:8 |     883 |    5462 |  86.1 |      11 |      30 |  73.2
        D:9 |    2763 |       0 |   0.0 |      30 |       0 |   0.0
       D:10 |     958 |    4126 |  81.2 |      14 |      12 |  46.2
       D:11 |    3271 |     961 |  22.7 |      21 |       4 |  16.0
       D:12 |    5180 |       0 |   0.0 |      19 |       0 |   0.0
       D:13 |    7028 |   11251 |  61.6 |      18 |      19 |  51.4
       D:14 |   13506 |    1730 |  11.4 |      23 |       2 |   8.0
       D:15 |   12942 |    6403 |  33.1 |      28 |       8 |  22.2
     Lair:1 |    4219 |     643 |  13.2 |      22 |       5 |  18.5
     Lair:2 |    6642 |       0 |   0.0 |      28 |       0 |   0.0
     Lair:3 |    5140 |    1092 |  17.5 |      26 |       3 |  10.3
     Lair:4 |   11994 |    1192 |   9.0 |      42 |       4 |   8.7
     Lair:5 |   14664 |   14042 |  48.9 |      35 |      45 |  56.2
    Swamp:1 |   11022 |       0 |   0.0 |      24 |       0 |   0.0
    Swamp:2 |    1232 |       0 |   0.0 |       4 |       0 |   0.0
      Orc:1 |    5348 |    3393 |  38.8 |      44 |      11 |  20.0
      Orc:2 |    2191 |    6605 |  75.1 |      33 |      40 |  54.8
   Gauntlet |       0 |    2754 | 100.0 |       0 |       3 | 100.0
            +---------+---------+-------+---------+---------+-------
